 Dungeon Crawl Stone Soup version 0.29.0-15-g675c0067aa (webtiles) character file.

Game seed: 10860599982915263406

5 Powertoast the Charlatan (level 1, -1/18 HPs)
             Began as a Naga Artificer on Sept 12, 2022.
             Succumbed to a goblin's poison
             ... on level 1 of the Dungeon.
             The game lasted 00:00:49 (71 turns).

Powertoast the Charlatan (Naga Artificer)             Turns: 71, Time: 00:00:49

Health: -1/18      AC:  2    Str: 14    XL:     1   Next: 80%
Magic:  1/1        EV:  9    Int: 11    God:
Gold:   0          SH:  0    Dex: 11    Spells: 0/0 levels left

rFire   . . .      SeeInvis +   a - +0 club
rCold   . . .      Faith    .   (no shield)
rNeg    . . .      Spirit   .   b - +0 leather armour
rPois   +          Reflect  .   (no helmet)
rElec   .          Harm     .   (no cloak)
rCorr   .          Rampage  .   (no gloves)
Will    .....                   (no barding)
Stlth   ++........              (no amulet)
HPRegen 0.06/turn               (no ring)
MPRegen 0.07/turn               (no ring)

@: lethally poisoned (-1 -> -11), very slow
A: AC +0, large, see invisible, deformed body, poison resistance, slowness 2,
spit poison 1, naga tail 1
a: Spit Poison


You were on level 1 of the Dungeon.
You visited 1 branch of the dungeon, and saw 1 of its levels.

Inventory:

Hand Weapons
 a - a +0 club (weapon)
Armour
 b - a +0 leather armour (worn)
Wands
 c - a wand of flame (15)
 d - a wand of charming (15)
 e - a wand of iceblast (5)


   Skills:
 + Level 1.4 Fighting
 - Level 1.5 Armour
 - Level 0.7 Dodging
 + Level 2.3 Stealth
 - Level 3.0 Evocations


You couldn't memorise any spells.
You didn't know any spells.
Your spell library was empty.

Dungeon Overview and Level Annotations

Branches:
Dungeon (1/15)

Altars:


Innate Abilities, Weirdness & Mutations

Your serpentine skin is tough. (AC +0)
You have supernaturally acute eyesight. (SInv)
Armour fits poorly on your strangely shaped body.
Your system is resistant to poisons. (rPois)
You cover ground very slowly.
You can spit poison.
You have a snake-like lower body.


Message History

You hit the giant cockroach.
You kill the giant cockroach!
The goblin shouts!
The jackal bites you.
You barely miss the jackal. The jackal bites you. x2
You hit the jackal.
The jackal is almost dead.
You have got your breath back.
The jackal closely misses you. The jackal barely misses you.
You hit the jackal.
You kill the jackal!
You are too injured to fight recklessly!
Things that are here:
a jackal corpse; a giant cockroach corpse You are too injured to fight recklessly!
You don't know any spells.
Aiming: Spit Poison (3% risk of failure)
Press: ? - help, Shift-Dir - straight line, f - goblin
Aim: a goblin, wielding a +1 dagger of venom (43% to hit)
The splash of poison misses the goblin.
You closely miss the goblin. The goblin barely misses you.
The goblin hits you with a +1 dagger of venom.
You are poisoned.
You barely miss the goblin.
* * * LOW HITPOINT WARNING * * *
You feel sick. The goblin barely misses you.
You completely miss the goblin.
* * * LOW HITPOINT WARNING * * *
You feel sick. The goblin closely misses you.
It was a potion of curing.
You feel better.
The goblin hits you with a +1 dagger of venom.
You barely miss the goblin.
You have got your breath back.
The goblin hits you with a +1 dagger of venom.
* * * LOW HITPOINT WARNING * * *
The goblin hits you with a +1 dagger of venom.
* * * LOW HITPOINT WARNING * * *
You are lethally poisoned!
You barely miss the goblin.
You die...

#..###. ##.#.# # #!.....
..#.# ##### #...####.#.#
.....
#......#.###########
...###..................
.....)......>###########
.#.####.##.#.#
#.......#.# #.##@####.#
.. #g# #.# ## #.# #.#
#.# #.# #.# #.# #.# #.#
#.. #..


You could see a goblin.

Vanquished Creatures
  A giant cockroach (D:1)
  2 jackals (D:1)
  A ball python (D:1)
  A rat (D:1)
5 creatures vanquished.

Notes
Turn   | Place    | Note
-------+----------+-------------------------------------------
     0 | D:1      | Powertoast the Naga Artificer began the quest for the Orb.
     0 | D:1      | Reached XP level 1. HP: 18/18 MP: 1/1
    71 | D:1      | Succumbed to a goblin's poison

Illustrated notes

Levels and vault maps discovered:
D:1:      lightli_arrival_flooded_house, layout_basic, serial_shops, shop_coins,
          dreamdust_ecumenical_altar_grove

Skill      XL: |  1 |
---------------+----+-----
Stealth        | 2 |  2.3
Fighting       | |  1.4
Armour         | |  1.5
Dodging        | |  0.7
Evocations     | |  3.0

Action                   || total
-------------------------++-------
Melee: Club              ||     9
 Abil: Spit Poison       ||     5
  Use: Potion            ||     1
Armor: Leather armour    ||     3
Dodge: Dodged            ||     9
